 Dungeon Crawl Stone Soup version 0.23-a0-641-g0a7f1ce553 (webtiles) character file.

970 LLavrengius the Sneak (level 8, 0/49 HPs)
             Began as an Octopode Transmuter on Dec 30, 2018.
             Slain by Prince Ribbit (18 damage)
             ... on level 5 of the Dungeon.
             The game lasted 00:23:28 (7085 turns).

LLavrengius the Sneak (Octopode Transmuter)         Turns: 7085, Time: 00:23:28

Health: 0/49       AC:  2    Str:  9    XL:     8   Next: 16%
Magic:  8/11       EV: 19    Int: 18    God:
Gold:   224        SH:  0    Dex: 17    Spells: 5/11 levels left

rFire    . . .     SeeInvis .     - Unarmed
rCold    . . .     Gourm    .   (shield currently unavailable)
rNeg     . . .     Faith    .   (helmet currently unavailable)
rPois    x         Spirit   .   (no amulet)
rElec    .         Reflect  .   l - +2 ring of slaying
rCorr    .         Harm     .   w - ring of flight
MR       .....                  (no ring)
Stlth    +++.......             (no ring)
HPRegen  0.16/turn              (no ring)
MPRegen  0.12/turn              (no ring)
                                (no ring)
                                (no ring)

@: spider-form
A: tiny, almost no armour, stealthy swim, (amphibious), 8 rings, (constrict 8),
frail 1
a: End Transformation, Evoke Flight


You were on level 5 of the Dungeon.
You were not hungry.
You were a venomous arachnid creature.
You visited 1 branch of the dungeon, and saw 5 of its levels.

You collected 224 gold pieces.

Inventory:

Hand Weapons
 h - a +0 hunting sling
 k - a +0 spear
 q - a +2 dagger of venom (melded)
 r - a +0 trident
Missiles
 a - 43 arrows
 b - 262 stones (quivered)
 d - 44 sling bullets
Armour
 x - a +1 buckler
Jewellery
 l - a +2 ring of slaying (left front leg)
 o - an uncursed ring of protection from fire {unknown}
 w - a ring of flight (right front leg)
Wands
 j - a wand of acid (8)
Scrolls
 e - 2 scrolls of identify
 p - 4 scrolls of remove curse
 s - a scroll of teleportation
Potions
 f - 2 potions of cancellation
 g - 2 potions of curing
 i - a potion of might
 m - 3 potions of magic
 n - a potion of heal wounds {unknown}
 u - 2 potions of resistance
Comestibles
 c - 11 rations


   Skills:
 + Level 5.3 Fighting
 - Level 2.0 Short Blades
 - Level 2.0 Dodging
 + Level 6.0 Stealth
 + Level 4.2 Unarmed Combat
 - Level 2.0 Spellcasting
 - Level 4.0 Transmutations
 - Level 3.1 Poison Magic


You had 5 spell levels left.
You knew the following spells:

 Your Spells              Type           Power        Failure   Level  Hunger
a - Beastly Appendage     Tmut           ###...       12%         1    #......
b - Sticks to Snakes      Tmut           ###.....     16%         2    ###....
c - Spider Form           Tmut/Pois      ##........   28%         3    ###....

Your spell library contained the following spells:

 Spells                   Type           Power        Failure   Level  Hunger
 Corona                   Hex            #......      38%         1    #......
 Ensorcelled Hibernation  Hex/Ice        #.....       47%         2    ###....
 Confuse                  Hex            #.......     69%         3    ###....
 Dazzling Spray           Conj/Hex       #.....       69%         3    ###....
 Tukima's Dance           Hex            #.......     69%         3    ###....
 Ice Form                 Ice/Tmut       #.......     80%         4    #####..
 Blade Hands              Tmut           ###.......   85%         5    ######.


Dungeon Overview and Level Annotations

Branches:
Dungeon (5/15)
 Temple: D:4-7

Altars:
Nemelex Xobeh
Vehumet
Wu Jian
Zin

Shops:
D:4 :*

Annotations:
D:5 Prince Ribbit


Innate Abilities, Weirdness & Mutations

You cannot wear most types of armour.
You are very stealthy in the water. (Stealth+)
((You are amphibious.))
You can wear up to eight rings at the same time.
((You can use your tentacles to constrict eight enemies at once.))
((Your skin changes colour to match your surroundings (Stealth+).))
((Your rubbery body absorbs attacks. (AC +1, EV +1)))
((You have a pair of antennae on your head.))
You are frail. (-10% HP)


Message History

You hit Prince Ribbit.
Prince Ribbit is poisoned.
Your grab misses Prince Ribbit.
Prince Ribbit is lightly wounded.
Prince Ribbit hits you!
You are too injured to fight recklessly!
You are too injured to fight recklessly!
Casting: Spider Form (safe; 12% risk of failure)
Confirm with . or Enter, or press ? or * to list all spells.
You turn into a venomous arachnid creature.
Your +2 dagger of venom melds into your body.
Your +2 dagger of venom stops dripping with poison.
Prince Ribbit blinks!
You start resting.
Prince Ribbit is too close now for your liking.
You start resting.
Prince Ribbit is too close now for your liking.
You closely miss Prince Ribbit.
Prince Ribbit is moderately wounded.
Prince Ribbit hits you!!
You die...

.'.......##.##############
.#.......##..............#
.##.....####.###########.#
.###...##...># #.# .#
######.##.# #.#
.###...##....# #.#
.##.....###### #########.#
.#.......#<# #.........#
.[....(..#.# #s#######.#
.#.......#.# #F# ###
.##.....##.#####...#
.###...##.....##.#..F. ##
#####...##.####.###.#
#####.........# #
......#.##.#######.
#####.#............
#.###.#########


You could see Prince Ribbit.

Vanquished Creatures
  An ice beast (D:5)
  An ogre (D:4)
  A centaur (D:5)
  A crimson imp (D:5)
  A centaur zombie (D:5)
  An orc priest (D:3)
  A hound (D:4)
  2 jellies (D:5)
  Jessica (D:3)
  A centaur skeleton (D:5)
  4 orc wizards
  5 worker ants
  Robin (D:4)
  5 adders
  A shadow imp (D:5)
  An adder zombie (D:5)
  An adder skeleton (D:5)
  A worm (D:4)
  A dart slug (D:1)
  2 leopard geckos
  24 orcs
  2 ball pythons
  4 giant cockroaches
  22 goblins
  6 hobgoblins
  8 jackals
  8 quokkas
  5 bats
  3 frilled lizards
  10 kobolds
  A leopard gecko skeleton (D:4)
  A quokka skeleton (D:4)
  4 rats
  3 plants (D:3)
134 creatures vanquished.

Vanquished Creatures (collateral kills)
  An ogre (D:4)
1 creature vanquished.

Vanquished Creatures (others)
  2 plants (D:3)
2 creatures vanquished.

Grand Total: 137 creatures vanquished

Notes
Turn   | Place    | Note
-------+----------+-------------------------------------------
     0 | D:1      | LLavrengius the Octopode Transmuter began the quest for the
                  | Orb.
     0 | D:1      | Reached XP level 1. HP: 13/13 MP: 3/3
   378 | D:1      | Reached XP level 2. HP: 16/18 MP: 5/5
   382 | D:1      | Learned a level 2 spell: Sticks to Snakes
   979 | D:2      | Found a radiant altar of Vehumet.
   979 | D:2      | Found an ornate altar of the Wu Jian Council.
  1014 | D:2      | Reached XP level 3. HP: 15/24 MP: 6/6
  1516 | D:2      | Found a faded altar of an unknown god.
  2180 | D:3      | Found a sparkling altar of Nemelex Xobeh.
  2276 | D:3      | Noticed Jessica
  2281 | D:3      | Killed Jessica
  2281 | D:3      | Reached XP level 4. HP: 22/30 MP: 7/7
  2750 | D:3      | Reached skill level 1 in Stealth
  2750 | D:3      | Reached XP level 5. HP: 28/36 MP: 8/8
  3426 | D:3      | Reached skill level 1 in Short Blades
  3888 | D:4      | Reached skill level 2 in Stealth
  3941 | D:4      | Learned a level 3 spell: Spider Form
  3992 | D:4      | Noticed an ogre
  4028 | D:4      | Reached XP level 6. HP: 21/42 MP: 9/9
  4181 | D:4      | Found Qerol's Book Shop.
  4209 | D:4      | Reached skill level 3 in Stealth
  4374 | D:4      | Found Zin's Purification Station.
  4376 | D:4      | Found a glowing silver altar of Zin.
  4389 | D:4      | Reached skill level 1 in Poison Magic
  5032 | D:4      | Reached skill level 4 in Stealth
  5060 | D:4      | Reached XP level 7. HP: 46/48 MP: 5/10
  5217 | D:4      | Noticed Robin
  5423 | D:4      | Killed Robin
  5568 | D:5      | Entered Level 5 of the Dungeon
  6311 | D:5      | Reached skill level 5 in Stealth
  6591 | D:5      | Reached skill level 5 in Fighting
  6601 | D:5      | Reached XP level 8. HP: 50/55 MP: 11/11
  6885 | D:5      | Gained mutation: You have a pair of small antennae on your
                  | head. [potion of mutation]
  6885 | D:5      | Gained mutation: You are frail. (-10% HP) [potion of
                  | mutation]
  6885 | D:5      | Gained mutation: You have a pair of antennae on your head.
                  | [potion of mutation]
  7011 | D:5      | Reached skill level 6 in Stealth
  7077 | D:5      | Noticed Prince Ribbit
  7085 | D:5      | Slain by Prince Ribbit

Vault maps used:
D:1:      minmay_arrival_shattered_statue, grunt_decor_fettered,
          minmay_misc_feat_tiny, hex_tiny
D:2:      gammafunk_temple_overflow_elements, chequers_ecumenical_altar_island,
          first_ration, minivault_25, dk_vineyard_2
D:3:      wad_woods_stonehenge, st_stairs_9, uniq_jessica
D:4:      kennysheep_goblin_castle, zin_purify, serial_shops, shop_fountains
D:5:      kennysheep_six_static_rooms, uniq_prince_ribbit1

Skill      XL: |  1  2  3  4  5  6  7  8 |
---------------+-------------------------+-----
Fighting       | 2 3 4 5 |  5.3
Transmutations | 3 4 |  4.0
Stealth        | 1 2 4 5 6 |  6.0
Short Blades   | 1 2 |  2.0
Poison Magic   | 1 3 |  3.1
Unarmed Combat | 4 |  4.2
Dodging        | |  2.0
Spellcasting   | |  2.0

Action                   |  1- 3 |  4- 6 |  7- 9 || total
-------------------------+-------+-------+-------++-------
Melee: Unarmed           |    82 |    20 |    16 ||   118
       Constrict         |    21 |    38 |    29 ||    88
       Tentacles         |    13 |    42 |    17 ||    72
       Dagger            |       |   140 |    96 ||   236
       Punch             |       |     7 |     2 ||     9
       Kick              |       |     5 |       ||     5
Throw: Stone             |       |     1 |     3 ||     4
 Cast: Beastly Appendage |       |     1 |       ||     1
       Sticks to Snakes  |       |     8 |       ||     8
       Spider Form       |       |       |     4 ||     4
  Use: Potion            |     1 |       |     1 ||     2
       Scroll            |       |       |    12 ||    12
 Stab: Sleeping          |     7 |     6 |     3 ||    16
  Eat: Chunk             |     4 |    10 |     6 ||    20
Armor: Skin              |     5 |    10 |     6 ||    21
Dodge: Dodged            |    36 |    70 |    74 ||   180

Table legend:
 A = Non-vault XP
 B = Vault XP
 C = Vault XP percentage of total XP
 D = Non-vault monster count
 E = Vault monster count
 F = Vault count percentage of total count
                 A         B        C        D         E       F
            +---------+---------+-------+---------+---------+-------
      Total |    1096 |     290 |  20.9 |      99 |      33 |  25.0
            +---------+---------+-------+---------+---------+-------
        D:1 |      27 |       0 |   0.0 |      14 |       0 |   0.0
        D:2 |      39 |       0 |   0.0 |      10 |       0 |   0.0
        D:3 |     119 |      53 |  30.8 |      30 |       9 |  23.1
        D:4 |     376 |      49 |  11.5 |      16 |      19 |  54.3
        D:5 |     535 |     188 |  26.0 |      29 |       5 |  14.7
            +---------+---------+-------+---------+---------+-------
